 Dungeon Crawl Stone Soup version 0.21-a0-140-g479285b (webtiles) character file.

9 wazuzu the Poker (level 2, 23/24 HPs)
             Began as a Demonspawn Monk on July 20, 2017.
             Quit the game on level 1 of the Dungeon.
             The game lasted 00:01:38 (644 turns).

wazuzu the Poker (Demonspawn Monk)                   Turns: 644, Time: 00:01:38

Health: 23/24      AC:  2    Str: 11    XL:     2   Next: 3%
Magic:  2/2        EV: 13    Int: 11    God:
Gold:   18         SH:  0    Dex: 15    Spells: 1/1 levels left

rFire    . . .     SeeInvis .   a - +0 spear
rCold    . . .     Gourm    .   (no shield)
rNeg     . . .     Faith    .   b - +0 robe
rPois    +         Spirit   .   (helmet restricted)
rElec    .         Reflect  .   (no cloak)
rCorr    .         Harm     .   (no gloves)
MR       .....                  (no boots)
Stlth    +.........             (no amulet)
HPRegen  0.08/turn              i - ring of loudness (curse)
MPRegen  0.08/turn              (no ring)

@: no status effects
A: antennae 1, demonic guardian 1, high mp 1, poison resistance
a: no special abilities


You were on level 1 of the Dungeon.
You were not hungry.

You visited 1 branch of the dungeon, and saw 1 of its levels.

You collected 18 gold pieces.

Inventory:

Hand Weapons
 a - a +0 spear (weapon)
Armour
 b - a +0 robe (worn)
Jewellery
 i - a cursed ring of loudness (left hand)
Potions
 g - a potion of flight {unknown}
Comestibles
 c - a bread ration


   Skills:
 - Level 3.0 Fighting
 + Level 3.2 Polearms
 - Level 2.6 Dodging
 - Level 1.7 Stealth


You had one spell level left.
You didn't know any spells.

Dungeon Overview and Level Annotations

Branches:
Dungeon (1/15)

Altars:


Innate Abilities, Weirdness & Mutations

A weak demonic guardian rushes to your aid.
You have a pair of small antennae on your head.
You have an increased reservoir of magic. (+10% MP)
Your system is resistant to poisons. (rPois)


Message History

The giant cockroach closely misses you.
You closely miss the giant cockroach. The giant cockroach misses you.
You hit the giant cockroach but do no damage.
The giant cockroach barely misses you.
You hit the giant cockroach but do no damage.
The giant cockroach bites you but does no damage.
You hit the giant cockroach but do no damage.
The giant cockroach barely misses you.
You barely miss the giant cockroach.
The giant cockroach bites you but does no damage.
You closely miss the giant cockroach. The giant cockroach closely misses you.
The giant cockroach barely misses you.
You hit the giant cockroach but do no damage.
The giant cockroach bites you.
You hit the giant cockroach.
You kill the giant cockroach!
You have reached level 2!
Your demonic ancestry asserts itself...
You feel the presence of a demonic guardian.
Are you sure you want to abandon this character and quit the game? (Confirm with "yes".)

#.............................
**##############################
**,,,,,,,,,*
,,,,*****#.###########
,,,,+,,,,#...........############
,,,,*,**,#.......................
**+**,**,*.#####.....############
*,**,*,,*,* #.#.#####
*,**,**,*,****#@#.....#
*,**,*,,,,,,,,#.#.###.#
**+**,****,**,*#.#.# #.#
,,,,*,,,,*,*,,,#.#.# #.########
,,,,****,*,*,,,#.#.# #........#
,,,,,,,,,,,***,#.#.# #........#
,,,,,,,*,,,,,,,..#.# #....)...#
,,,,,,,,******,###.# #........#
,,,,*,,,*,,,,,,,,#.# #........#


There were no monsters in sight!

Vanquished Creatures
  A giant cockroach (D:1)
  2 goblins (D:1)
  A hobgoblin (D:1)
  A bat (D:1)
  3 kobolds (D:1)
  A rat (D:1)
9 creatures vanquished.

Notes
Turn   | Place    | Note
-------+----------+-------------------------------------------
     0 | D:1      | wazuzu the Demonspawn Monk began the quest for the Orb.
     0 | D:1      | Reached XP level 1. HP: 18/18 MP: 1/1
   431 | D:1      | Gained mutation: Your spells are a little harder to cast, but a little more powerful. [potion of mutation]
   431 | D:1      | Gained mutation: You are frail. (-10% HP) [potion of mutation]
   431 | D:1      | Gained mutation: You possess an exceptional clarity of mind. [potion of mutation]
   432 | D:1      | Lost mutation: You possess an exceptional clarity of mind. [potion of mutation]
   432 | D:1      | Lost mutation: Your spells are a little harder to cast, but a little more powerful. [potion of mutation]
   432 | D:1      | Gained mutation: Your flesh is cold resistant. (rC+) [potion of mutation]
   432 | D:1      | Gained mutation: You are dopey. (Int -2) [potion of mutation]
   432 | D:1      | Gained mutation: You have a pair of small antennae on your head. [potion of mutation]
   432 | D:1      | Gained mutation: You have supernaturally acute eyesight. (SInv) [potion of mutation]
   433 | D:1      | Lost mutation: Your flesh is cold resistant. (rC+) [potion of mutation]
   433 | D:1      | Lost mutation: You have supernaturally acute eyesight. (SInv) [potion of mutation]
   433 | D:1      | Lost mutation: You are frail. (-10% HP) [potion of mutation]
   433 | D:1      | Lost mutation: You are dopey. (Int -2) [potion of mutation]
   433 | D:1      | Gained mutation: Your system is resistant to poisons. (rPois) [potion of mutation]
   433 | D:1      | Gained mutation: You have an increased reservoir of magic. (+10% MP) [potion of mutation]
   630 | D:1      | Gained mutation: A weak demonic guardian rushes to your aid. [demonic ancestry]
   630 | D:1      | Reached XP level 2. HP: 22/24 MP: 2/2
   644 | D:1      | Quit the game

Vault maps used:
D:1:      evilmike_arrival_grusome_pit

Skill      XL: |  1 |
---------------+----+-----
Polearms       | 3 |  3.2
Fighting       | |  3.0
Dodging        | |  2.6
Stealth        | |  1.7

Action                   || total
-------------------------++-------
Melee: Spear             ||    40
  Use: Scroll            ||     4
       Potion            ||     3
 Stab: Sleeping          ||     2
Armor: Robe              ||     3
Dodge: Dodged            ||    24
